 Dungeon Crawl Stone Soup version 0.22.0-13-g43fe8f2 (webtiles) character file.

116 mopl the Ruffian (level 5, -1/37 HPs)
             Began as a Formicid Transmuter on Aug 16, 2018.
             Slain by a gnoll (7 damage)
             ... on level 2 of the Dungeon.
             The game lasted 00:03:32 (1845 turns).

mopl the Ruffian (Formicid Transmuter)              Turns: 1845, Time: 00:03:33

Health: -1/37      AC:  2    Str: 15    XL:     5   Next: 21%
Magic:  2/9        EV: 16    Int: 12    God:
Gold:   48         SH:  0    Dex: 12    Spells: 4/10 levels left

rFire    . . .     SeeInvis +   h - +0 dagger (elec)
rCold    . . .     Gourm    .   (no shield)
rNeg     . . .     Faith    .   b - +0 robe
rPois    .         Spirit   .   (helmet unavailable)
rElec    .         Reflect  .   (no cloak)
rCorr    .         Harm     .   (no gloves)
MR       .....                  (no boots)
Stlth    +.........             (no amulet)
HPRegen  0.12/turn              j - +4 ring of evasion
MPRegen  0.11/turn              (no ring)

@: very slightly contaminated
A: permanent stasis, dig shafts and tunnels, four strong arms, antennae 3
a: Dig, Shaft Self


You were on level 2 of the Dungeon.
You were hungry.

You visited 1 branch of the dungeon, and saw 2 of its levels.

You collected 48 gold pieces.

Inventory:

Hand Weapons
 h - a +0 dagger of electrocution (weapon)
 n - a +0 dagger of venom
Missiles
 a - 28 arrows
 e - 125 stones (quivered)
Armour
 b - a +0 robe (worn)
 f - a +0 scale mail of fire resistance
Jewellery
 j - a +4 ring of evasion (left hand)
Scrolls
 c - a scroll of random uselessness {unknown}
 g - 2 scrolls of magic mapping {unknown}
 i - 2 scrolls of remove curse {unknown}
 k - 2 scrolls of identify {unknown}
 o - a scroll of noise {unknown}
Potions
 l - 2 potions of degeneration {unknown}
Comestibles
 d - 5 rations
 m - 13 chunks of flesh


   Skills:
 - Level 1.1 Fighting
 - Level 1.7 Dodging
 * Level 4.2 Unarmed Combat
 + Level 3.0 Spellcasting
 + Level 3.1 Transmutations
 + Level 1.9 Poison Magic


You had 4 spell levels left.
You knew the following spells:

 Your Spells              Type           Power        Failure   Level  Hunger
a - Beastly Appendage     Tmut           #.....       7%          1    #......
b - Spider Form           Tmut/Pois      #.........   26%         3    ###....
w - Sticks to Snakes      Tmut           #.......     11%         2    ###....

Your spell library contained the following spells:

 Spells                   Type           Power        Failure   Level  Hunger
 Blade Hands              Tmut           #.........   88%         5    ######.
 Ice Form                 Ice/Tmut       #.......     78%         4    #####..


Dungeon Overview and Level Annotations

Branches:
Dungeon (2/15)

Altars:
Ashenzari
Fedhas
Gozag
Uskayaw
Xom


Innate Abilities, Weirdness & Mutations

You cannot be hasted, slowed, berserked, paralysed or teleported.
You can dig through walls and to a lower floor.
Your four strong arms can wield two-handed weapons with a shield.
You have a pair of large antennae on your head. (SInv)


Message History

The gnoll throws a throwing net.
The throwing net misses you.
You aren't carrying any items that you can evoke.
Okay, then.
Okay, then.
You hit the gnoll but do no damage. Lightning courses through the gnoll!
You punch the gnoll, but do no damage.
The gnoll is severely wounded.
Your ball python barely misses the gnoll.
Your ball python grabs the gnoll.
Your ball python constricts the gnoll.
The gnoll hits your ball python!
Your ball python dies!
Your ball python bites the gnoll.
Your ball python constricts the gnoll.
You hit the gnoll.
You kill the gnoll!
You hit the gnoll.
The gnoll is lightly wounded.
Your ball python bites the gnoll but does no damage.
Your ball python grabs the gnoll.
Your ball python constricts the gnoll.
The gnoll hits you!
You die...

##################
...†.............#
.###.###########.#
...### #(# ..8.# #.#
....### #.#
_.........######.#
....#.........)..#######
..8.#####.......@S......
...## ########g#######
.### #.#.. .# #.#.# ##
######÷#.#####.. ####
#............... ...#
#..........##### ##.#
#............... ##.#
#..........#####


You could see a gnoll and a friendly ball python.

Vanquished Creatures
  2 gnolls (D:2)
  5 adders (D:2)
  2 worms (D:2)
  3 leopard geckos (D:2)
  A giant cockroach (D:1)
  5 goblins
  5 hobgoblins
  7 jackals
  A quokka (D:2)
  A ball python (D:1)
  5 bats
  3 frilled lizards (D:2)
  4 kobolds (D:1)
  5 rats
49 creatures vanquished.

Vanquished Creatures (collateral kills)
  A giant cockroach (D:1)
  A kobold (D:1)
2 creatures vanquished.

Grand Total: 51 creatures vanquished

Notes
Turn   | Place    | Note
-------+----------+-------------------------------------------
     0 | D:1      | mopl the Formicid Transmuter began the quest for the Orb.
     0 | D:1      | Reached XP level 1. HP: 15/15 MP: 3/3
   333 | D:1      | Reached XP level 2. HP: 16/21 MP: 5/5
   350 | D:1      | Learned a level 2 spell: Sticks to Snakes
   630 | D:1      | HP: 1/21 [kobold/dagger of electrocution (4)]
  1094 | D:1      | Reached XP level 3. HP: 26/26 MP: 6/6
  1099 | D:1      | Learned a level 3 spell: Spider Form
  1151 | D:1      | Found a snail-covered altar of Cheibriados.
  1153 | D:1      | Found a hide-covered altar of Uskayaw.
  1153 | D:1      | Found a shimmering altar of Xom.
  1155 | D:1      | Found a hide-covered altar of Uskayaw.
  1155 | D:1      | Found a shattered altar of Ashenzari.
  1155 | D:1      | Found a blossoming altar of Fedhas.
  1593 | D:2      | Reached skill level 1 in Poison Magic
  1596 | D:2      | Reached XP level 4. HP: 27/32 MP: 8/8
  1642 | D:2      | Found an opulent altar of Gozag.
  1690 | D:2      | Reached skill level 4 in Unarmed Combat
  1803 | D:2      | Reached skill level 3 in Transmutations
  1839 | D:2      | Reached XP level 5. HP: 14/37 MP: 1/9
  1841 | D:2      | Reached skill level 3 in Spellcasting
  1845 | D:2      | Slain by a gnoll

Skill      XL: |  1  2  3  4  5 |
---------------+----------------+-----
Poison Magic   | 1 |  1.9
Unarmed Combat | 4 |  4.2
Transmutations | 3 |  3.1
Spellcasting   | 3 |  3.0
Fighting       | |  1.1
Dodging        | |  1.7

Action                   |  1- 3 |  4- 6 || total
-------------------------+-------+-------++-------
Melee: Unarmed           |    52 |       ||    52
       Kick              |     7 |     5 ||    12
       Dagger            |    44 |    67 ||   111
       Punch             |       |     1 ||     1
Throw: Stone             |     2 |       ||     2
 Cast: Beastly Appendage |     9 |     3 ||    12
       Sticks to Snakes  |     2 |     3 ||     5
  Eat: Chunk             |     2 |     1 ||     3
Armor: Robe              |    22 |     6 ||    28
Dodge: Dodged            |    83 |    51 ||   134
